 Dungeon Crawl Stone Soup version 0.30.0-29-ga12c61a403 (webtiles) character file.

Game seed: 13902630530277958106

320 LustLizard the Digger (level 6, 0/35 HPs)
             Began as a Gargoyle Earth Elementalist on June 25, 2023.
             Was an Initiate of Makhleb.
             Slain by Pikel
             ... wielding a +1 whip of electrocution
              (1 damage)
             ... on level 4 of the Dungeon.
             The game lasted 00:05:00 (3528 turns).

LustLizard the Digger (Gargoyle Earth Elementalist) Turns: 3528, Time: 00:05:00

Health: 0/35       AC: 12    Str: 11    XL:     6   Next: 46%
Magic:  1/10       EV: 11    Int: 18    God:    Makhleb [......]
Gold:   157        SH:  0    Dex: 10    Spells: 6/11 levels left

rFire   . . .        e - +0 dagger
rCold   . . .        (no shield)
rNeg    + . .        a - +0 robe
rPois   ∞            (no helmet)
rElec   +            t - +0 cloak
rCorr   .            (no gloves)
SInv    .            f - +0 pair of boots
Will    .....        l - amulet of the acrobat
Stlth   ++           k - +4 ring of protection
HPRegen 0.25/turn    (no ring)
MPRegen 0.12/turn

%: acrobat
@: no status effects
A: sickness immunity, AC +4, negative energy resistance 1, electricity
resistance, torment resistance 1, petrification resistance
a: Renounce Religion


You were on level 4 of the Dungeon.
You worshipped Makhleb.
Makhleb was noncommittal.
You visited 2 branches of the dungeon, and saw 5 of its levels.

You collected 157 gold pieces.

Inventory:

Hand Weapons
 e - a +0 dagger (weapon)
Armour
 a - a +0 robe (worn)
 f - a +0 pair of boots (worn)
 n - a scarf of shadows
 t - a +0 cloak (worn)
Jewellery
 k - a +4 ring of protection (left hand)
 l - an amulet of the acrobat (around neck)
Scrolls
 c - 2 scrolls of identify
 h - a scroll of enchant weapon {unknown}
 i - a scroll of noise {unknown}
 o - 2 scrolls of teleportation {unknown}
 p - a scroll of fear {unknown}
 r - a scroll of brand weapon {unknown}
 s - a scroll of fog {unknown}
Potions
 b - a potion of magic
 d - 3 potions of lignification
 g - 3 potions of might
 j - a potion of curing
 m - a potion of resistance {unknown}
 q - a potion of heal wounds {unknown}


   Skills:
 + Level 2.2 Fighting
 - Level 1.5 Dodging
 + Level 3.5 Stealth
 + Level 3.0 Spellcasting
 * Level 2.6 Conjurations
 - Level 0.7 Transmutations
 + Level 1.2 Fire Magic
 * Level 5.5 Earth Magic


You had 6 spell levels left.
You knew the following spells:

 Your Spells              Type           Power      Damage    Failure   Level
a - Sandblast             Erth           44%        2d11      1%          1
b - Stone Arrow           Conj/Erth      34%        3d9       9%          3
c - Foxfire               Conj/Fire      36%        2x1d5     8%          1

Your spell library contained the following spells:

 Spells                   Type           Power      Damage    Failure   Level
 Passwall                 Tmut/Erth      11%        N/A       7%          2
 Beastly Appendage        Tmut           10%        N/A       12%         1
 Wereblood                Tmut           5%         N/A       19%         2
 Spider Form              Tmut/Pois      4%         N/A       38%         3
 Petrify                  Tmut/Erth      14%        N/A       41%         4
 Fireball                 Conj/Fire      4%         3d4       90%         5
 Plasma Beam              Fire/Air       2%         2x1d14    100%        6
 Starburst                Conj/Fire      4%         6d4       100%        6


Dungeon Overview and Level Annotations

Branches:
Dungeon (4/15)             Temple (1/1) D:4

Altars:
Ashenzari
Cheibriados
Elyvilon
Hepliaklqana
Makhleb
Nemelex Xobeh
Ru
Uskayaw
Vehumet
Xom
Yredelemnul
Zin
The Shining One

Annotations:
D:1 2 transporters
D:4 Pikel


Innate Abilities, Weirdness & Mutations

You are immune to sickness and miasma.
Your stone body is resilient. (AC +4)
You are immune to poison.
You resist negative energy. (rN+)
You are resistant to electric shocks. (rElec)
You are resistant to unholy torment.
You are immune to petrification.


Message History

You barely miss Pikel.
Pikel is almost dead.
The lemure closely misses you. Pikel hits you but does no damage.
Aiming: Sandblast (safe; 1% risk of failure)
Press: ? - help, Q - select action, (/) - cycle Shift-Dir - straight line, f/p - Pikel
Aim: Pikel, wielding a +1 whip of electrocution and wearing a +0 robe (almost dead, 79% to hit)
The blast of sand hits Pikel but does no damage.
Pikel is almost dead.
The lemure hits you but does no damage. Pikel hits you but does no damage.
You closely miss Pikel.
Pikel is almost dead.
The lemure hits you.
Pikel hits you with a +1 whip of electrocution.
You miss Pikel.
Pikel is almost dead.
The lemure hits you.
Pikel says, "Asmodeus and me are pals.
He gave me this whip."
Pikel hits you but does no damage.
You hit Pikel but do no damage.
Pikel is almost dead.
The lemure hits you! Pikel completely misses you.
You hit Pikel but do no damage.
Pikel is almost dead.
The lemure hits you. Pikel hits you but does no damage.
You hit Pikel.
Pikel is almost dead.
The lemure hits you.
* * * LOW HITPOINT WARNING * * *
Pikel hits you but does no damage.
You closely miss Pikel.
Pikel is almost dead.
The lemure closely misses you.
Pikel hits you with a +1 whip of electrocution.
* * * LOW HITPOINT WARNING * * *
You barely miss Pikel.
Pikel is almost dead.
The lemure hits you!
* * * LOW HITPOINT WARNING * * *
Pikel hits you with a +1 whip of electrocution.
You die...

......#..........#
....#####...##...#
.....###....##....
##÷...........#...
..........#..##).#
#..#...####......##
...##....#......?.#
....##.........#..#
.....##.........@5#
....##..>>....##K##
...##..#.....###55##
...#.........####5.#
..###........#...?.###
...##................#
...[.[...............#
...#.#.......#........#
..####.#...............#


You could see Pikel and 4 lemures.

Vanquished Creatures
  A scorpion (D:4)
  A howler monkey (D:4)
  An orc priest (D:4)
  An orc wizard (D:3)
  6 adders
  4 worms
  4 dart slugs
  16 orcs
  3 endoplasms
  3 giant cockroaches
  3 goblins
  7 hobgoblins
  7 jackals (D:4)
  4 kobolds
  4 quokkas
  6 ball pythons
  7 bats
  3 rats
81 creatures vanquished.

Notes
Turn   | Place    | Note
-------+----------+-------------------------------------------
     0 | D:1      | LustLizard the Gargoyle Earth Elementalist began the quest
                  | for the Orb.
     0 | D:1      | Reached XP level 1. HP: 10/10 MP: 3/3
   309 | D:1      | Reached XP level 2. HP: 16/16 MP: 3/5
   405 | D:1      | Reached skill level 4 in Earth Magic
   717 | D:2      | Reached skill level 1 in Fighting
   729 | D:2      | Reached XP level 3. HP: 20/20 MP: 0/6
   983 | D:2      | Found a faded altar of an unknown god.
  1704 | D:2      | Learned a level 3 spell: Stone Arrow
  1766 | D:3      | Found a sacrificial altar of Ru.
  1771 | D:3      | Reached XP level 4. HP: 25/25 MP: 4/7
  2027 | D:3      | Learned a level 1 spell: Foxfire
  2080 | D:3      | Found a white marble altar of Elyvilon.
  2461 | D:3      | Reached skill level 1 in Conjurations
  2474 | D:3      | Reached XP level 5. HP: 24/30 MP: 2/9
  2760 | D:4      | Noticed Pikel
  2760 | D:4      | Noticed a lemure
  2760 | D:4      | Noticed a lemure
  2878 | D:4      | Reached skill level 1 in Fire Magic
  2878 | D:4      | Reached skill level 5 in Earth Magic
  2961 | D:4      | Reached XP level 6. HP: 34/35 MP: 1/10
  3060 | D:4      | Found a staircase to the Ecumenical Temple.
  3164 | Temple   | Entered the Ecumenical Temple
  3254 | Temple   | Became a worshipper of Makhleb the Destroyer
  3528 | D:4      | HP: 1/35 [lemure[Pikel] (7)]
  3528 | D:4      | Slain by Pikel

Illustrated notes

Levels and vault maps discovered:
D:1:      spicycebolla_arrival_transporter_tutorial, layout_basic
D:2:      layout_loops_corners, basic_ecumenical_altar, minmay_heptomino_o4
D:3:      layout_loops_ring, overflow_temple_1_default, nicolae_ru_awakened_eye,
          minmay_box_of_dots
D:4:      layout_cave_pools, minmay_temple_entry_proselytizer, uniq_pikel
Temple:   jpeg_temple_clearing

Skill      XL: |  1  2  3  4  5  6 |
---------------+-------------------+-----
Earth Magic    | 4 5 |  5.5
Fighting       | 1 2 |  2.2
Stealth        | 3 |  3.5
Conjurations   | 1 2 |  2.6
Fire Magic     | 1 |  1.2
Spellcasting   | 3 |  3.0
Dodging        | |  1.5
Transmutations | |  0.7

Action                     |  1- 3 |  4- 6 || total
---------------------------+-------+-------++-------
  Melee: Dagger            |     2 |    63 ||    65
   Cast: Sandblast         |    52 |    90 ||   142
         Stone Arrow       |       |     3 ||     3
    Use: Scroll            |     2 |     1 ||     3
 Armour: Robe              |     8 |    51 ||    59
  Dodge: Dodged            |    12 |    73 ||    85
